 Dungeon Crawl Stone Soup version 0.24-a0-84-g25a2d9f (console) character file.

Game seed: 10929821970097783143

902 Voker57 the Slasher (level 7, -10/46 HPs)
             Began as a Demonspawn Gladiator on Feb 7, 2019.
             Was an Initiate of Hepliaklqana.
             Killed by divine providence
             ... invoked by an orc priest
              (11 damage)
             ... on level 5 of the Dungeon.
             The game lasted 00:06:47 (4981 turns).

Voker57 the Slasher (Demonspawn Gladiator)          Turns: 4981, Time: 00:06:48

Health: -10/46     AC:  4    Str: 14    XL:     7   Next: 80%
Magic:  7/7        EV: 16    Int: 10    God:    Hepliaklqana [......]
Gold:   198        SH:  0    Dex: 16    Spells: 6/6 levels left

rFire    . . .     SeeInvis .   a - +1 long sword
rCold    . . .     Gourm    .   (no shield)
rNeg     . . .     Faith    .   b - +1 leather armour
rPois    .         Spirit   .   (helmet restricted)
rElec    .         Reflect  .   (no cloak)
rCorr    .         Harm     .   (no gloves)
MR       +....                  (no boots)
Stlth    ++........             (no amulet)
HPRegen  0.15/turn              k - ring of protection from magic
MPRegen  0.10/turn              (no ring)

@: lethally poisoned (-10 -> -11)
A: reduced essence, horns 1, repulsion field 1, demonic guardian 2
a: Recall Ancestor, Ancestor Identity, Renounce Religion


You were on level 5 of the Dungeon.
You worshipped Hepliaklqana.
Hepliaklqana was noncommittal.
You were not hungry.

You visited 1 branch of the dungeon, and saw 5 of its levels.

You collected 198 gold pieces.

Inventory:

Hand Weapons
 a - a +1 long sword (weapon)
Missiles
 d - 3 throwing nets (quivered)
Armour
 b - a +1 leather armour (worn)
 c - a +0 helmet
Jewellery
 k - a ring of protection from magic (left hand)
Wands
 e - a wand of acid (6)
 l - a wand of digging (3)
Scrolls
 g - 3 scrolls of teleportation
 h - 3 scrolls of remove curse
 i - 2 scrolls of amnesia
 m - 5 scrolls of identify
 t - a scroll of fear
Potions
 j - a potion of heal wounds {unknown}
 n - a potion of agility {unknown}
 o - 2 potions of brilliance {unknown}
 p - a potion of lignification {unknown}
 q - a potion of mutation {unknown}
 r - a potion of haste {unknown}
 s - a potion of berserk rage {unknown}
 u - a potion of cancellation {unknown}
Comestibles
 f - 4 rations


   Skills:
 + Level 3.6 Fighting
 + Level 6.1 Long Blades
 + Level 1.8 Throwing
 + Level 3.4 Armour
 + Level 4.1 Dodging
 + Level 1.5 Stealth


You had 6 spell levels left.
You didn't know any spells.
Your spell library was empty.

Dungeon Overview and Level Annotations

Branches:
Dungeon (5/15)
 Temple: D:4-7

Altars:
Hepliaklqana
Uskayaw
Xom


Innate Abilities, Weirdness & Mutations

You have a pair of small horns on your head.
You are surrounded by a mild repulsion field. (EV +2)
A demonic guardian rushes to your aid.
Your life essence is reduced to manifest your ancestor. (-10% HP)


Message History

The jackal is severely wounded.
An orc priest comes into view. It is wielding a +0 dagger.
Mbali closely misses the jackal.
The jackal bites you.
An orc comes into view. It is wielding a +0 club.
The orc priest looks encouraged for a moment.
Mbali barely misses the jackal.
You slash the jackal!
You kill the jackal!
You feel sick.
The orc priest begins to cast a cantrip, but forgets the words!
An orc comes into view.
You feel sick.
The orc priest invokes the aid of Beogh against you.
Beogh smites you!
* * * LOW HITPOINT WARNING * * *
You hear a shout!
The orc priest calls down the wrath of Beogh upon you.
Beogh smites you!
You die...

...#............## .
.................# ..
................##....
.....................
..........#.....#....
............##........#
#..(..?..%...†##.###.#
##...†........##..##.#
##.............(.##.#####+#####
#[...?.o...R.@<............##.
.......#o.o...#..#..............
#...##..o##..##..#..##..........
..... #....#..###...##.........##
#..#......#....###....#......#...
.. ..o...#...#..##..##...(..#...
..oob......#..##++##..........
............ ## #...#......
.?#.#...# #...#...... ....
##.....##...


You could see the friendly Mbali the ancestor, 2 orc priests and 2 orcs.

Vanquished Creatures
  An ogre (D:4)
  3 scorpions
  3 centaur zombies (D:4)
  A bullfrog skeleton (D:4)
  2 hounds (D:4)
  2 centaur skeletons (D:4)
  An orc wizard (D:3)
  A hound skeleton (D:4)
  6 adders
  2 oozes (D:2)
  2 adder skeletons (D:4)
  3 adder zombies (D:4)
  4 worms
  A dart slug (D:5)
  3 leopard geckos
  10 orcs
  A ball python (D:2)
  5 bats
  A giant cockroach (D:2)
  6 goblins
  4 hobgoblins
  6 jackals
  A ball python skeleton (D:4)
  A ball python zombie (D:4)
  3 frilled lizards
  A giant cockroach zombie (D:4)
  A jackal zombie (D:4)
  4 kobolds
  2 leopard gecko skeletons (D:4)
  2 leopard gecko zombies (D:4)
  2 quokka skeletons
  6 rats
  A withered plant (D:4)
92 creatures vanquished.

Vanquished Creatures (collateral kills)
  A sky beast (D:4)
  A centaur zombie (D:4)
  A hound (D:4)
  2 orc wizards
  3 worker ant zombies (D:4)
  A shadow imp (D:5)
  An adder zombie (D:4)
  3 orcs (D:4)
  A ball python zombie (D:4)
14 creatures vanquished.

Vanquished Creatures (others)
  5 dream sheep (D:3)
  A withered plant (D:4)
6 creatures vanquished.

Grand Total: 112 creatures vanquished

Notes
Turn   | Place    | Note
-------+----------+-------------------------------------------
     0 | D:1      | Voker57 the Demonspawn Gladiator began the quest for the
                  | Orb.
     0 | D:1      | Reached XP level 1. HP: 16/16 MP: 1/1
   183 | D:1      | Reached skill level 3 in Long Blades
   185 | D:1      | Gained mutation: You have a pair of small horns on your
                  | head. [demonic ancestry]
   185 | D:1      | Reached XP level 2. HP: 20/22 MP: 2/2
   781 | D:2      | Gained mutation: A weak demonic guardian rushes to your
                  | aid. [demonic ancestry]
   781 | D:2      | Reached XP level 3. HP: 27/27 MP: 3/3
  1075 | D:2      | Reached skill level 1 in Armour
  1782 | D:3      | Gained mutation: A demonic guardian rushes to your aid.
                  | [demonic ancestry]
  1782 | D:3      | Reached XP level 4. HP: 33/33 MP: 4/4
  2388 | D:3      | gee thanks
  2597 | D:3      | Noticed a dream sheep
  2597 | D:3      | Noticed a dream sheep
  2597 | D:3      | Noticed a dream sheep
  2597 | D:3      | Noticed a dream sheep
  2597 | D:3      | Noticed a dream sheep
  2597 | D:3      | Found a shimmering altar of Xom.
  2602 | D:3      | Killed a dream sheep
  2603 | D:3      | Killed a dream sheep
  2603 | D:3      | Killed a dream sheep
  2603 | D:3      | Killed a dream sheep
  2606 | D:3      | Killed a dream sheep
  3236 | D:4      | Gained mutation: You are surrounded by a mild repulsion
                  | field. (EV +2) [demonic ancestry]
  3236 | D:4      | Reached XP level 5. HP: 39/39 MP: 5/5
  3303 | D:3      | Reached skill level 4 in Long Blades
  3461 | D:4      | Reached XP level 6. HP: 38/46 MP: 6/6
  3582 | D:4      | Found a hazy altar of Hepliaklqana.
  3591 | D:4      | Became a worshipper of Hepliaklqana the Forgotten
  3897 | D:4      | Noticed a sky beast
  3915 | D:4      | Killed a sky beast
  3915 | D:4      | Reached skill level 5 in Long Blades
  4022 | D:4      | Found a hide-covered altar of Uskayaw.
  4072 | D:4      | Reached XP level 7. HP: 28/46 MP: 7/7
  4441 | D:4      | Reached skill level 1 in Stealth
  4873 | D:5      | Entered Level 5 of the Dungeon
  4946 | D:5      | Reached skill level 6 in Long Blades
  4978 | D:5      | HP: 1/46 [orc priest/divine providence (17)]
  4981 | D:5      | Killed from afar by an orc priest

Levels and vault maps discovered:

Skill      XL: |  1  2  3  4  5  6  7 |
---------------+----------------------+-----
Long Blades    | 3 4 5 6 |  6.1
Dodging        | 3 4 |  4.1
Armour         | 1 2 3 |  3.4
Fighting       | 3 |  3.6
Stealth        | 1 |  1.5
Throwing       | |  1.8

Action                   |  1- 3 |  4- 6 |  7- 9 || total
-------------------------+-------+-------+-------++-------
Melee: Long sword        |    88 |   131 |    61 ||   280
       Headbutt          |    12 |    25 |    18 ||    55
Throw: Throwing net      |       |     1 |       ||     1
  Use: Scroll            |       |     8 |     3 ||    11
       Potion            |       |     1 |       ||     1
 Stab: Sleeping          |     1 |     1 |     1 ||     3
       Distracted        |       |       |     2 ||     2
  Eat: Chunk             |     2 |     6 |     2 ||    10
       Ration            |       |     1 |       ||     1
Armor: Leather armour    |    20 |    25 |    16 ||    61
Dodge: Dodged            |    83 |    65 |    46 ||   194
       Rpst.: Long sword |    26 |    18 |    19 ||    63

Table legend:
 A = Non-vault XP
 B = Vault XP
 C = Vault XP percentage of total XP
 D = Non-vault monster count
 E = Vault monster count
 F = Vault count percentage of total count
                 A         B        C        D         E       F
            +---------+---------+-------+---------+---------+-------
      Total |     918 |     371 |  28.8 |      81 |      24 |  22.9
            +---------+---------+-------+---------+---------+-------
        D:1 |      20 |       0 |   0.0 |      11 |       0 |   0.0
        D:2 |      75 |       0 |   0.0 |      22 |       0 |   0.0
        D:3 |     131 |       0 |   0.0 |      20 |       0 |   0.0
        D:4 |     517 |     371 |  41.8 |      20 |      24 |  54.5
        D:5 |     175 |       0 |   0.0 |       8 |       0 |   0.0
            +---------+---------+-------+---------+---------+-------
